TOP OF THE 1ST |
Otsego HS Bulldogs batting - Pitching for Fresno HS Red Wings : RHP James Jones
|
Pitching: RHP James Jones
|
|
Batting: RHB Dan Miller
|
0-0: Reached on error, E6 (Groundball, 6D)
|
Batting: LHB Dave Wilkinson
|
0-0: Ball 1-0: Called Strike 1-1: Ball 2-1: Ball 3-1: Ground out 4-3 (Groundball, 4) Dan Miller to third
|
Batting: RHB Robbie Barnes
|
0-0: Called Strike 0-1: Foul Ball, location: 2F 0-2: Ball 1-2: Fly out, F6 (Line Drive, 56)
|
Batting: RHB Sam Elder
|
0-0: Ball 1-0: Called Strike 1-1: Foul Ball, location: 2F 1-2: Foul Ball, location: 2F 1-2: Ball 2-2: Fly out, F8 (Flyball, 78M)
|
Top of the 1st over - 0 run(s), 0 hit(s), 1 error(s), 1 left on base; Otsego HS 0 - Fresno HS 0 |
BOTTOM OF THE 1ST |
Fresno HS Red Wings batting - Pitching for Otsego HS Bulldogs : RHP Manny Cook
|
Pitching: RHP Manny Cook
|
|
Batting: RHB Matt Snow
|
0-0: Foul Ball, location: 2F 0-1: Fly out, F9 (Flyball, 9LS)
|
Batting: RHB Bobby Burks
|
0-0: Ball 1-0: Swinging Strike 1-1: Ball 2-1: Ball 3-1: Swinging Strike 3-2: Base on Balls
|
Batting: RHB Juan Bruno
|
0-0: Ball Bobby Burks is caught stealing 2nd base 1-0: Called Strike 1-1: Called Strike 1-2: Ball 2-2: Fly out, F2 (Popup, 34S)
|
Bottom of the 1st over - 0 run(s), 0 hit(s), 0 error(s), 0 left on base; Otsego HS 0 - Fresno HS 0 |
TOP OF THE 2ND |
Otsego HS Bulldogs batting - Pitching for Fresno HS Red Wings : RHP James Jones
|
Batting: LHB Bill Poe
|
0-0: Called Strike 0-1: Swinging Strike 0-2: Ball 1-2: Ball 2-2: Foul Ball, location: 2F 2-2: Foul Ball, location: 2F 2-2: Fly out, F7 (Flyball, 7)
|
Batting: RHB Tim Anderson
|
0-0: Ball 1-0: Foul Ball, location: 2F 1-1: Fly out, F9 (Line Drive, 89M)
|
Batting: RHB Michael Carr
|
0-0: SINGLE (Line Drive, 3)
|
Batting: RHB Pedro Ayala
|
0-0: Called Strike 0-1: Swinging Strike 0-2: Strikes out swinging
|
Top of the 2nd over - 0 run(s), 1 hit(s), 0 error(s), 1 left on base; Otsego HS 0 - Fresno HS 0 |
BOTTOM OF THE 2ND |
Fresno HS Red Wings batting - Pitching for Otsego HS Bulldogs : RHP Manny Cook
|
Batting: LHB Jack Mitchell
|
0-0: Called Strike 0-1: Ball 1-1: Foul Ball, location: 2F 1-2: Ball 2-2: Strikes out looking
|
Batting: RHB Ward Dempsey
|
0-0: Called Strike 0-1: Swinging Strike 0-2: SINGLE (Flyball, 6MD)
|
Batting: RHB Adrián Velásquez
|
0-0: Called Strike 0-1: Ball 1-1: Ball 2-1: Foul Ball, location: 2F 2-2: Fielders Choice at 2nd, 5-4 (Groundball, 5L)
|
Batting: RHB Roberto Santos
|
0-0: Foul Ball, location: 2F 0-1: Ball 1-1: Called Strike 1-2: Foul Ball, location: 2F 1-2: Strikes out swinging
|
Bottom of the 2nd over - 0 run(s), 1 hit(s), 0 error(s), 1 left on base; Otsego HS 0 - Fresno HS 0 |
TOP OF THE 3RD |
Otsego HS Bulldogs batting - Pitching for Fresno HS Red Wings : RHP James Jones
|
Batting: RHB Miguel Vega
|
0-0: Called Strike 0-1: Foul Ball, location: 2F 0-2: Foul Ball, location: 2F 0-2: Fly out, F4 (Popup, 34D)
|
Batting: RHB Dan Miller
|
0-0: Reached via error on a dropped throw, E3
|
Batting: LHB Dave Wilkinson
|
0-0: Ball 1-0: Called Strike 1-1: Fly out, F7 (Flyball, 78S)
|
Batting: RHB Robbie Barnes
|
0-0: Ball 1-0: Foul Ball, location: 2F 1-1: Ground out 5-3 (Groundball, 5S)
|
Top of the 3rd over - 0 run(s), 0 hit(s), 1 error(s), 1 left on base; Otsego HS 0 - Fresno HS 0 |
BOTTOM OF THE 3RD |
Fresno HS Red Wings batting - Pitching for Otsego HS Bulldogs : RHP Manny Cook
|
Batting: RHB Harvey Willis
|
0-0: SINGLE (Line Drive, 7LS)
|
Batting: RHB Drew Rice
|
0-0: Ball Harvey Willis is caught stealing 2nd base 1-0: Called Strike 1-1: Fly out, F7 (Flyball, 78M)
|
Batting: RHB Matt Snow
|
0-0: Called Strike 0-1: Foul Ball, location: 2F 0-2: Ball 1-2: Ground out 6-3 (Groundball, 56)
|
Bottom of the 3rd over - 0 run(s), 1 hit(s), 0 error(s), 0 left on base; Otsego HS 0 - Fresno HS 0 |
TOP OF THE 4TH |
Otsego HS Bulldogs batting - Pitching for Fresno HS Red Wings : RHP James Jones
|
Batting: RHB Sam Elder
|
0-0: Ball 1-0: Swinging Strike 1-1: Ball 2-1: Foul Ball, location: 2F 2-2: Strikes out swinging
|
Batting: LHB Bill Poe
|
0-0: Ball 1-0: Called Strike 1-1: Ball 2-1: Ball 3-1: Base on Balls
|
Batting: RHB Tim Anderson
|
0-0: Fly out, F3 (Line Drive, 4)
|
Batting: RHB Michael Carr
|
0-0: Called Strike 0-1: Reached on error, E5 (Groundball, 56) Bill Poe to third
|
Batting: RHB Pedro Ayala
|
0-0: Ball 1-0: Called Strike 1-1: SINGLE (Flyball, 8LS) Bill Poe scores Michael Carr to third
|
Batting: RHB Miguel Vega
|
0-0: Ball 1-0: Foul Ball, location: 2F 1-1: Ball 2-1: SINGLE (Groundball, 56) (infield hit) Michael Carr scores Pedro Ayala to second
|
Batting: RHB Dan Miller
|
0-0: Ball 1-0: Ball 2-0: Ball 3-0: Base on Balls Pedro Ayala to third Miguel Vega to second
|
Batting: LHB Dave Wilkinson
|
0-0: Ball 1-0: Foul Ball, location: 2F 1-1: Called Strike 1-2: SINGLE (Line Drive, 89M) Pedro Ayala scores Miguel Vega to third Dan Miller to second Runner from 3rd tries for Home, SAFE, no throw
|
Batting: RHB Robbie Barnes
|
0-0: Ball 1-0: Ball 2-0: Foul Ball, location: 2F 2-1: Called Strike 2-2: Ball 3-2: SINGLE (Line Drive, 9S) Dan Miller to third Dave Wilkinson to second Dan Miller scores Dave Wilkinson to third
|
Batting: RHB Sam Elder
|
0-0: Fly out, F3 (Flyball, 3DF)
|
Top of the 4th over - 5 run(s), 4 hit(s), 1 error(s), 2 left on base; Otsego HS 5 - Fresno HS 0 |
BOTTOM OF THE 4TH |
Fresno HS Red Wings batting - Pitching for Otsego HS Bulldogs : RHP Manny Cook
|
Batting: RHB Bobby Burks
|
0-0: Ball 1-0: Ball 2-0: Ball 3-0: Base on Balls
|
Batting: RHB Juan Bruno
|
0-0: Called Strike 0-1: Ball 1-1: Swinging Strike 1-2: Foul Ball, location: 2F 1-2: Foul Ball, location: 2F 1-2: Fly out, F4 (Popup, 34D)
|
Batting: LHB Jack Mitchell
|
0-0: Called Strike 0-1: Ball 1-1: Ball 2-1: SINGLE (Line Drive, 9S) Bobby Burks to second
|
Batting: RHB Ward Dempsey
|
0-0: Called Strike 0-1: SINGLE (Groundball, 6D) Bobby Burks to third Jack Mitchell to second
|
Batting: RHB Adrián Velásquez
|
0-0: Foul Ball, location: 2F 0-1: Called Strike 0-2: Ball 1-2: Fly out, F7 (Line Drive, 78M) Runner from 3rd tags up, SCORES, no throw
|
Batting: RHB Roberto Santos
|
0-0: Ball 1-0: Called Strike 1-1: Foul Ball, location: 2F 1-2: Fielders Choice at 2nd, 5-4 (Groundball, 5)
|
Bottom of the 4th over - 1 run(s), 2 hit(s), 0 error(s), 1 left on base; Otsego HS 5 - Fresno HS 1 |
TOP OF THE 5TH |
Otsego HS Bulldogs batting - Pitching for Fresno HS Red Wings : RHP James Jones
|
Batting: LHB Bill Poe
|
0-0: Called Strike 0-1: Ball 1-1: Ball 2-1: Foul Ball, location: 2F 2-2: Fly out, F8 (Flyball, 8RD)
|
Pitching: RHP Thomas Mason
|
|
Batting: RHB Tim Anderson
|
0-0: Foul Ball, location: 2F 0-1: Called Strike 0-2: Strikes out swinging
|
Batting: RHB Michael Carr
|
0-0: Ground out U3 (Groundball, 3S)
|
Top of the 5th over - 0 run(s), 0 hit(s), 0 error(s), 0 left on base; Otsego HS 5 - Fresno HS 1 |
BOTTOM OF THE 5TH |
Fresno HS Red Wings batting - Pitching for Otsego HS Bulldogs : RHP Manny Cook
|
Batting: RHB Harvey Willis
|
0-0: Called Strike 0-1: Ball 1-1: Swinging Strike 1-2: Ground out 6-3 (Groundball, 6M)
|
Batting: RHB Drew Rice
|
0-0: Ball 1-0: Foul Ball, location: 2F 1-1: Ball 2-1: Ball 3-1: SOLO HOME RUN (Flyball, 8LXD), Distance : 425 ft
|
Batting: RHB Matt Snow
|
0-0: Foul Ball, location: 2F 0-1: Ball 1-1: DOUBLE (Groundball, 5L)
|
Batting: RHB Bobby Burks
|
0-0: Called Strike 0-1: Fly out, F9 (Flyball, 9)
|
Batting: RHB Juan Bruno
|
0-0: Ball 1-0: Called Strike 1-1: Fly out, F8 (Flyball, 8RD)
|
Bottom of the 5th over - 1 run(s), 2 hit(s), 0 error(s), 1 left on base; Otsego HS 5 - Fresno HS 2 |
TOP OF THE 6TH |
Otsego HS Bulldogs batting - Pitching for Fresno HS Red Wings : RHP Thomas Mason
|
Batting: RHB Pedro Ayala
|
0-0: Foul Ball, location: 2F 0-1: Ball 1-1: Ball 2-1: Foul Ball, location: 2F 2-2: Ball 3-2: Strikes out swinging
|
Batting: RHB Miguel Vega
|
0-0: Called Strike 0-1: Ball 1-1: Reached on error, E6 (Groundball, 6)
|
Batting: RHB Dan Miller
|
0-0: DOUBLE (Line Drive, 78D) Miguel Vega to third
|
Batting: LHB Dave Wilkinson
|
0-0: Ball 1-0: Called Strike 1-1: Swinging Strike 1-2: Strikes out swinging
|
Batting: RHB Robbie Barnes
|
0-0: Called Strike 0-1: Foul Ball, location: 2F 0-2: Ball 1-2: Ball 2-2: Ball 3-2: SINGLE (Flyball, 8RS) Miguel Vega scores Dan Miller to third Dan Miller scores
|
Batting: RHB Sam Elder
|
0-0: Ball 1-0: Ball 2-0: Called Strike 2-1: Called Strike 2-2: Ball 3-2: Base on Balls Robbie Barnes to second
|
Batting: LHB Bill Poe
|
0-0: Called Strike 0-1: Ball 1-1: Foul Ball, location: 2F 1-2: Fly out, F8 (Flyball, 8LD)
|
Top of the 6th over - 2 run(s), 2 hit(s), 1 error(s), 2 left on base; Otsego HS 7 - Fresno HS 2 |
BOTTOM OF THE 6TH |
Fresno HS Red Wings batting - Pitching for Otsego HS Bulldogs : RHP Manny Cook
|
Pitching: RHP Clint George
|
|
Batting: LHB Jack Mitchell
|
0-0: Foul Ball, location: 2F 0-1: Ball 1-1: Ball 2-1: SOLO HOME RUN (Flyball, 89XD), Distance : 359 ft
|
Batting: RHB Ward Dempsey
|
0-0: Ball 1-0: Foul Ball, location: 2F 1-1: Foul Ball, location: 2F 1-2: SINGLE (Groundball, 15S) (infield hit)
|
Batting: RHB Adrián Velásquez
|
0-0: Called Strike 0-1: Foul Ball, location: 2F 0-2: Strikes out swinging
|
Batting: RHB Roberto Santos
|
0-0: Foul Ball, location: 2F 0-1: Grounds into double play, 4-6-3 (Groundball, 4)
|
Bottom of the 6th over - 1 run(s), 2 hit(s), 0 error(s), 0 left on base; Otsego HS 7 - Fresno HS 3 |
TOP OF THE 7TH |
Otsego HS Bulldogs batting - Pitching for Fresno HS Red Wings : RHP Thomas Mason
|
Batting: RHB Tim Anderson
|
0-0: Foul Ball, location: 2F 0-1: Ball 1-1: Swinging Strike 1-2: Strikes out looking
|
Batting: RHB Michael Carr
|
0-0: Ball 1-0: Ground out 4-3 (Groundball, 4M)
|
Batting: RHB Pedro Ayala
|
0-0: Ball 1-0: Ball 2-0: Called Strike 2-1: Ball 3-1: Base on Balls
|
Batting: RHB Miguel Vega
|
0-0: Foul Ball, location: 2F 0-1: Ball 1-1: Foul Ball, location: 2F 1-2: Foul Ball, location: 2F 1-2: Strikes out swinging
|
Top of the 7th over - 0 run(s), 0 hit(s), 0 error(s), 1 left on base; Otsego HS 7 - Fresno HS 3 |
BOTTOM OF THE 7TH |
Fresno HS Red Wings batting - Pitching for Otsego HS Bulldogs : RHP Clint George
|
Batting: RHB Harvey Willis
|
0-0: Called Strike 0-1: Swinging Strike 0-2: Foul Ball, location: 2F 0-2: Ball 1-2: Ball 2-2: Ball 3-2: Base on Balls
|
Batting: RHB Drew Rice
|
0-0: Ball 1-0: Foul Ball, location: 2F 1-1: Called Strike 1-2: Foul Ball, location: 2F 1-2: Ball 2-2: Strikes out swinging
|
Batting: RHB Matt Snow
|
0-0: Ball 1-0: Ball 2-0: Fly out, F9 (Flyball, 9S)
|
Batting: RHB Bobby Burks
|
0-0: Called Strike 0-1: Foul Ball, location: 2F 0-2: Ball Harvey Willis is caught stealing 2nd base
|
Bottom of the 7th over - 0 run(s), 0 hit(s), 0 error(s), 0 left on base; Otsego HS 7 - Fresno HS 3 |
TOP OF THE 8TH |
Otsego HS Bulldogs batting - Pitching for Fresno HS Red Wings : RHP Thomas Mason
|
Batting: RHB Dan Miller
|
0-0: Called Strike 0-1: Ball 1-1: Ball 2-1: Ground out 4-3 (Groundball, 4M)
|
Batting: LHB Dave Wilkinson
|
0-0: Ball 1-0: Hit by Pitch
|
Batting: RHB Robbie Barnes
|
0-0: Called Strike 0-1: Foul Ball, location: 2F 0-2: Grounds into double play, 5-4-3 (Groundball, 56)
|
Top of the 8th over - 0 run(s), 0 hit(s), 0 error(s), 0 left on base; Otsego HS 7 - Fresno HS 3 |
BOTTOM OF THE 8TH |
Fresno HS Red Wings batting - Pitching for Otsego HS Bulldogs : RHP Clint George
|
Batting: RHB Bobby Burks
|
0-0: SOLO HOME RUN (Flyball, 89XD), Distance : 386 ft
|
Pitching: RHP Brian Lovelace
|
|
Batting: RHB Juan Bruno
|
0-0: Called Strike 0-1: Swinging Strike 0-2: Strikes out swinging
|
Batting: LHB Jack Mitchell
|
0-0: Called Strike 0-1: Ball 1-1: Foul Ball, location: 2F 1-2: Ball 2-2: Foul Ball, location: 2F 2-2: Strikes out swinging
|
Batting: RHB Ward Dempsey
|
0-0: Foul Ball, location: 2F 0-1: Fly out, F7 (Flyball, 7S)
|
Bottom of the 8th over - 1 run(s), 1 hit(s), 0 error(s), 0 left on base; Otsego HS 7 - Fresno HS 4 |
TOP OF THE 9TH |
Otsego HS Bulldogs batting - Pitching for Fresno HS Red Wings : RHP Thomas Mason
|
Batting: RHB Sam Elder
|
0-0: Ball 1-0: Foul Ball, location: 2F 1-1: Ball 2-1: Ball 3-1: Base on Balls
|
Batting: LHB Bill Poe
|
0-0: Called Strike 0-1: Foul Ball, location: 2F 0-2: Strikes out looking
|
Batting: RHB Tim Anderson
|
0-0: Fly out, F9 (Line Drive, 89M)
|
Batting: RHB Michael Carr
|
0-0: Ball 1-0: Foul Ball, location: 2F 1-1: Ball 2-1: Ball 3-1: Base on Balls Sam Elder to second
|
Batting: RHB Pedro Ayala
|
0-0: Called Strike 0-1: Fly out, F9 (Flyball, 89M)
|
Top of the 9th over - 0 run(s), 0 hit(s), 0 error(s), 2 left on base; Otsego HS 7 - Fresno HS 4 |
BOTTOM OF THE 9TH |
Fresno HS Red Wings batting - Pitching for Otsego HS Bulldogs : RHP Brian Lovelace
|
Pitching: RHP Gavin Shnairson
|
|
Now in LF: Mike Tate
|
|
Batting: RHB Adrián Velásquez
|
0-0: Ball 1-0: SINGLE (Line Drive, 4)
|
Batting: RHB Roberto Santos
|
0-0: Swinging Strike 0-1: Swinging Strike 0-2: Ball 1-2: Foul Ball, location: 2F 1-2: Grounds into double play, 5-4-3 (Groundball, 56)
|
Batting: RHB Harvey Willis
|
0-0: Called Strike 0-1: Swinging Strike 0-2: Strikes out looking
|
Bottom of the 9th over - 0 run(s), 1 hit(s), 0 error(s), 0 left on base; Otsego HS 7 - Fresno HS 4 |
|